Map: King Sejong Station LE

Players

Tilko - Winner!

  • Race: Zerg Zerg
  • League: Gold

Geezer

  • Race: Zerg Zerg
  • League: Gold

VOD

Have the link to the VOD?

Description

Push with large amounts of +1/1/Speed Roaches, Ravagers, Pathogen Glands Infestors

Time

  • Played on: Sept. 25, 2016, 10:49 p.m.
  • Length: 16:57
Show
View Real Time Build Order
Export as new Build Order

Tilko Zerg - Winner!

Build Orders: Hatch First 

Get SALT Encoding   

  12  0:02  Drone  
  13  0:13  Overlord  
  13  0:17  Drone  
  14  0:32  Drone x2  
  16  0:35  Drone  
  17  0:58  Hatchery  
  17  0:59  Drone  
  17  1:03  Drone  
  18  1:19  Extractor  
  18  1:22  Spawning Pool  
  18  1:25  Drone  
  17  1:41  Drone  
  17  1:42  Drone  
  17  1:43  Overlord  
  19  2:09  Queen x2  
  19  2:11  Zergling x2  
  19  2:12  Zergling x2  
  25  2:19  Drone  
  26  2:23  Metabolic Boost  
  26  2:32  Drone x3  
  26  2:36  Drone  
  30  2:42  Drone  
  31  2:50  Queen  
  33  2:52  Overlord  
  33  2:57  Drone x2  
  35  3:00  Drone  
  36  3:11  Drone  
  37  3:15  Drone  
  37  3:18  Extractor  
  37  3:31  Drone x2  
  37  3:32  Overlord, Drone  
  37  3:33  Drone  
  37  3:34  Drone x2  
  43  3:38  Roach Warren, Lair  
  42  3:43  Drone x2  
  44  3:51  Overlord  
  44  3:54  Drone  
  44  3:55  Extractor  
  44  3:59  Drone x3  
  44  4:01  Drone  
  44  4:02  Drone x2  
  50  4:06  Extractor  
  49  4:20  Evolution Chamber  
  48  4:32  Drone  
  48  4:35  Hatchery  
  48  4:38  Roach x5  
  56  4:39  Roach  
  56  4:40  Overlord  
  56  4:44  Infestation Pit  
  59  4:54  Overlord x2  
  59  5:15  Roach x5  
  59  5:16  Roach x4  
  59  5:18  Zerg Missile Weapons Level 1  
  77  5:24  Pathogen Glands  
  77  5:37  Overlord  
  77  5:42  Glial Reconstitution  
  77  5:46  Infestor  
  77  5:48  Infestor  
  81  5:51  Drone x3  
  84  5:58  Ravager  
  84  6:01  Roach x2  
  89  6:10  Evolution Chamber  
  88  6:14  Drone x3  
  88  6:15  Drone x3  
  94  6:30  Ravager x4  
  98  7:07  Overlord x4  
  98  7:13  Zerg Missile Weapons Level 2  
  98  7:15  Overlord x2  
  98  7:28  Roach x4  
  98  7:29  Roach x4  
  114  7:39  Roach x2  
  114  7:42  Ravager x5  
  123  7:57  Zergling x8  
  123  7:58  Zergling x8  
  62  9:13  Roach x4  
  62  9:14  Roach x5  
  74  9:18  Zerg Ground Armor Level 1  
  74  9:19  Hive  
  74  9:28  Pneumatized Carapace  
  74  9:39  Infestor x3  
  74  9:40  Hydralisk Den  
  74  9:44  Extractor  
  78  9:47  Extractor, Roach x6  
  78  9:48  Roach  
  78  9:49  Zergling x2  
  78  9:50  Zergling x2  
  93  10:03  Drone  
  93  10:04  Drone x6  
  100  10:10  Hydralisk  
  100  10:11  Hydralisk  
  100  10:14  Hydralisk x4  
  112  10:25  Ravager x2  
  112  10:26  Ravager  
  115  10:43  Hydralisk x2  
  115  10:44  Hydralisk x4  
  115  10:45  Zergling x2  
  115  10:46  Zergling x10  
  133  11:00  Ultralisk Cavern  
  133  11:02  Zerg Melee Weapons Level 1  
  132  11:12  Ravager x2  
  132  11:13  Overlord  
  132  11:14  Overlord x2  
  134  11:18  Hatchery  
  134  11:19  Baneling Nest  
  132  11:27  Drone x5  
  132  11:28  Drone  
  132  11:29  Overlord x4  
  132  11:30  Overlord  
  138  11:51  Ultralisk x3  
  142  12:09  Ultralisk  
  136  12:27  Ultralisk  
  136  12:29  Zergling x4  
  144  12:30  Zergling x2  
  144  12:42  Ultralisk  
  150  12:46  Zergling x8  
  150  12:47  Zergling x2  
  150  12:49  Chitinous Plating  
  155  12:59  Extractor  
  155  13:04  Drone x3  
  155  13:05  Extractor, Drone x2  
  159  13:06  Drone  
  159  13:07  Ultralisk  
  165  13:18  Zergling x14  
  172  13:23  Baneling x5  
  172  13:24  Baneling x3  
  172  13:33  Overseer x2  
  172  13:47  Baneling x3  
  172  13:48  Baneling x2  
  172  13:51  Roach x4  
  180  14:22  Ravager  
  159  14:57  Queen x2  
  159  14:58  Queen  
  165  15:00  Ultralisk  
  165  15:01  Roach  
  165  15:02  Roach x4  
  181  15:47  Hydralisk  
  129  16:54  Ravager x5  
Show
View Real Time Build Order
Export as new Build Order

Geezer Zerg 

Build Orders: Hatch First 

Get SALT Encoding   

  12  0:01  Drone  
  13  0:13  Drone  
  14  0:19  Overlord  
  14  0:28  Extractor, Drone  
  15  0:38  Drone x2  
  17  1:00  Hatchery  
  17  1:03  Drone  
  17  1:16  Spawning Pool  
  16  1:23  Drone  
  16  1:25  Drone x2  
  19  1:36  Overlord  
  18  1:51  Drone  
  19  2:02  Queen  
  19  2:08  Drone x2  
  23  2:12  Queen  
  25  2:17  Drone  
  25  2:18  Spine Crawler  
  25  2:19  Drone  
  26  2:27  Drone  
  27  2:35  Extractor  
  26  2:38  Extractor, Drone  
  26  2:39  Queen  
  28  2:47  Queen  
  30  2:55  Drone x3  
  30  2:56  Drone x2  
  35  3:06  Drone  
  36  3:25  Hatchery  
  35  3:32  Drone  
  35  3:33  Overlord  
  36  3:39  Evolution Chamber  
  36  3:40  Evolution Chamber  
  34  3:42  Pneumatized Carapace  
  34  3:45  Overlord  
  34  3:46  Drone x2  
  36  3:49  Overlord  
  36  3:57  Overlord  
  36  4:09  Zerg Missile Weapons Level 1  
  36  4:11  Roach Warren  
  36  4:14  Drone x2  
  36  4:15  Extractor  
  36  4:26  Drone x2  
  36  4:27  Drone x2  
  36  4:31  Drone x2  
  42  4:37  Zerg Ground Armor Level 1  
  42  5:01  Drone x3  
  42  5:04  Drone  
  42  5:05  Drone x3  
  42  5:06  Lair  
  49  5:16  Roach x6  
  61  5:24  Drone x2  
  63  5:39  Drone  
  63  5:40  Drone x2  
  66  5:42  Extractor, Overlord  
  66  5:44  Ravager  
  66  6:00  Queen  
  66  6:01  Overlord x3  
  68  6:22  Roach  
  68  6:23  Drone, Roach x3  
  68  6:24  Drone x6  
  83  6:27  Ravager  
  88  6:47  Roach x3  
  88  6:48  Drone x2  
  88  6:49  Drone x3  
  95  6:57  Roach  
  97  7:04  Spine Crawler  
  97  7:07  Roach  
  98  7:08  Overlord x3  
  98  7:15  Overlord  
  98  7:22  Overlord x2  
  98  7:41  Roach x4  
  98  7:42  Roach x6  
  98  7:43  Roach  
  120  7:46  Extractor  
  120  7:47  Extractor  
  118  7:54  Overlord  
  118  7:55  Overlord  
  118  7:56  Overlord  
  118  8:06  Spore Crawler  
  115  8:16  Roach  
  115  8:17  Roach x4  
  103  8:25  Roach x3  
  103  8:26  Roach x3  
  95  8:35  Roach  
  90  8:43  Roach x3  
  90  8:44  Roach  
  86  8:51  Roach x2  
  90  8:59  Roach  
  76  9:04  Roach  
  74  9:13  Roach  
  74  9:25  Hatchery  
  73  9:32  Zerg Missile Weapons Level 2  
  73  9:33  Zerg Ground Armor Level 2  
  73  9:34  Glial Reconstitution  
  73  9:36  Roach x4  
  81  9:38  Hatchery  
  81  9:42  Ravager  
  81  9:43  Ravager  
  81  9:44  Ravager  
  83  9:46  Ravager  
  84  10:15  Drone x5  
  84  10:16  Drone x5  
  94  10:22  Infestation Pit  
  93  10:36  Drone x3  
  93  10:39  Drone x2  
  93  10:40  Queen x2  
  93  10:41  Queen  
  93  10:42  Extractor  
  103  10:43  Extractor  
  102  11:01  Drone, Spine Crawler  
  102  11:02  Ravager, Spine Crawler  
  102  11:08  Drone x2  
  102  11:09  Drone x3  
  102  11:10  Drone  
  102  11:11  Roach x4  
  116  11:25  Roach x4  
  124  11:26  Roach  
  126  11:33  Roach x3  
  126  11:34  Roach  
  134  11:44  Roach  
  126  12:21  Roach x2  
  126  12:22  Roach x3  
  128  12:23  Overlord x4  
  128  12:25  Hive  
  128  12:27  Zerg Melee Weapons Level 1  
  110  12:38  Ravager x3  
  110  12:39  Ravager x3  
  116  12:44  Roach x4  
  116  12:45  Roach x3  
  130  12:52  Overseer  
  130  12:53  Overseer  
  130  13:02  Roach x6  
  130  13:03  Roach x5  
  152  13:11  Spine Crawler  
  152  13:12  Spine Crawler  
  150  13:32  Overlord x2  
  150  13:39  Spire, Viper x3  
  150  13:41  Hatchery, Viper  
  158  13:44  Overlord x2  
  160  13:58  Overlord x2  
  160  13:59  Overlord  
  160  14:11  Roach x4  
  160  14:12  Roach x4  
  176  14:27  Roach x3  
  176  14:28  Roach x6  
  181  14:51  Greater Spire, Corruptor x4  
  181  14:52  Corruptor x5  
  183  15:24  Spire  
  183  15:27  Ultralisk Cavern  
  171  15:55  Spine Crawler  
  166  15:58  Corruptor x2  
Tags
 
Add a new tag
Caveats
  • Supply blocks, unpowered buildings, or Contaminate may cause inaccurate times.
  • Supply counts are checked every 10 seconds.